 Dungeon Crawl Stone Soup version 0.29.1-12-g30fa7ad0bf (webtiles) character file.

Game seed: 11882104312195802064

3317 H0rd4k the Trooper (level 10, -1/71 HPs)
             Began as an Octopode Artificer on Dec 13, 2022.
             Slain by a troll (13 damage)
             ... on level 9 of the Dungeon.
             The game lasted 00:06:47 (8374 turns).

H0rd4k the Trooper (Octopode Artificer)             Turns: 8374, Time: 00:06:47

Health: -1/71      AC:  1    Str: 13    XL:     10   Next: 1%
Magic:  0/17       EV: 13    Int: 26    God:
Gold:   377        SH:  0    Dex: 12    Spells: 15/19 levels left

rFire   . . .      SeeInvis .   w - +5 spear "Socvait" {spect, rN++ Will- Int+9}
rCold   . . .      Faith    .   (no shield)
rNeg    + + +      Spirit   +   (helmet restricted)
rPois   .          Reflect  .   m - amulet of guardian spirit
rElec   .          Harm     .   t - ring of positive energy
rCorr   .          Rampage  .   (no ring)
Will    .....                   (no ring)
Stlth   +++.......              (no ring)
HPRegen 0.21/turn               (no ring)
MPRegen 0.15/turn               (no ring)
                                (no ring)
                                (no ring)

@: no status effects
A: almost no armour, amphibious, 8 rings, camouflage 1, gelatinous body 1,
(nimble swimmer 1), tentacles
a: no special abilities


You were on level 9 of the Dungeon.
You visited 1 branch of the dungeon, and saw 9 of its levels.
You also visited: Ossuary.

You collected 377 gold pieces.

Inventory:

Hand Weapons
 w - the +5 spear "Socvait" (weapon) {spect, rN++ Will- Int+9}
   (You found it on level 5 of the Dungeon)

   When its wielder attacks, the weapon's spirit leaps out and strikes again.
   The spirit shares a part of any damage it takes with its wielder.
   Int:       It affects your intelligence (+9).
   rN:        It greatly protects you from negative energy.
   Will:      It decreases your willpower.
Magical Staves
 A - a staff of air
Jewellery
 m - an amulet of guardian spirit (around mantle)
 t - a ring of positive energy (left tentacle)
Wands
 c - a wand of charming (6)
 d - a wand of iceblast (3)
 y - a wand of flame (7)
Scrolls
 b - 2 scrolls of immolation {unknown}
 e - 3 scrolls of teleportation {unknown}
 g - a scroll of noise {unknown}
 h - 3 scrolls of magic mapping {unknown}
 j - 4 scrolls of enchant weapon {unknown}
 n - 13 scrolls of identify {unknown}
 o - 4 scrolls of enchant armour {unknown}
 p - 2 scrolls of poison {unknown}
 v - a scroll of blinking {unknown}
 x - a scroll of fear {unknown}
 z - a scroll of brand weapon {unknown}
 B - a scroll of amnesia {unknown}
 D - a scroll of vulnerability {unknown}
Potions
 a - 4 potions of haste {unknown}
 f - 2 potions of mutation {unknown}
 i - 3 potions of might {unknown}
 k - a potion of flight {unknown}
 l - 9 potions of curing {unknown}
 q - 2 potions of magic {unknown}
 r - a potion of brilliance {unknown}
 s - 2 potions of ambrosia {unknown}
 u - a potion of lignification {unknown}
 C - 3 potions of attraction {unknown}
Miscellaneous
 E - a piece from Xom's chessboard (15/15)


   Skills:
 * Level 7.3 Fighting
 + Level 6.1 Polearms
 - Level 2.3 Dodging
 - Level 1.3 Stealth
 + Level 7.2 Unarmed Combat
 * Level 5.2 Spellcasting
 + Level 3.4 Poison Magic
 - Level 3.2 Evocations


You had 15 spell levels left.
You knew the following spells:

 Your Spells              Type           Power      Damage    Failure   Level
a - Olgreb's Toxic Radia  Pois           24%        N/A       19%         4

Your spell library contained the following spells:

 Spells                   Type           Power      Damage    Failure   Level
 Freeze                   Ice            24%        1d5       8%          1
 Necrotise                Necr           24%        1d5       8%          1
 Frozen Ramparts          Ice            12%        1d2       22%         3
 Vampiric Draining        Necr           6%         2d6       22%         3
 Hailstorm                Conj/Ice       6%         3d4       58%         4
 Agony                    Necr           6%         N/A       91%         5
 Ozocubu's Refrigeration  Ice            3%         4d8       100%        7
 Ignition                 Fire           3%         3d4       100%        8


Dungeon Overview and Level Annotations

Branches:
Dungeon (9/15)            Ossuary (visited)
 Temple: D:4-7         Lair: D:8-11         Orc: D:9-12

Altars:
Fedhas

Shops:
D:2 ?   D:6 (=   D:8 **

Annotations:
D:3 1 runed translucent door, exclusion: door, GorkyZ's ghost, amateur GrFi
D:5 exclusion: upstairs


Innate Abilities, Weirdness & Mutations

You cannot wear most types of armour.
You are amphibious.
You can wear up to eight rings at the same time.
Your skin changes colour to match your surroundings (Stealth+).
Your rubbery body absorbs attacks. (AC +1, EV +1)
((You are camouflaged when in or above water. (Stealth+)))
You have tentacles for arms and can constrict up to eight enemies at once.


Message History

The gnoll is severely wounded.
Your +5 spear "Socvait" {spect, rN++ Will- Int+9} hits the gnoll.
You kill the gnoll!
The gnoll looks even sicker.
The gnoll is poisoned.
A gnoll comes into view. It is wielding a +0 spear.
The gnoll is poisoned.
The troll is poisoned.
Your toxic aura wanes.
The gnoll sergeant hits you from afar with a +0 trident!
Casting: Olgreb's Toxic Radiance (dangerous; 19% risk of failure)
Confirm with . or Enter, or press ? or * to list all spells.
You begin to radiate toxic energy.
The gnoll looks even sicker. x2
The troll looks even sicker.
The gnoll sergeant looks even sicker.
The gnoll looks even sicker. x2; The troll looks even sicker.
The gnoll sergeant closely misses you.
Unknown command.
The troll attacks as you move away! The troll misses you. x2
The troll claws you.
The gnoll sergeant looks even sicker.
The gnoll looks as sick as possible!
Your toxic aura wanes.
The gnoll sergeant closely misses you.
You kill the gnoll!
Your magical contamination has completely faded away.
You closely miss the troll.
The troll is lightly wounded.
Your +5 spear "Socvait" {spect, rN++ Will- Int+9} hits the troll from afar!
The troll bites you! The troll closely misses you. The troll misses you.
You hit the troll.
The troll is moderately wounded.
Your +5 spear "Socvait" {spect, rN++ Will- Int+9} hits the troll from afar!
You kill the gnoll!
Unknown command.
You closely miss the troll.
The troll is heavily wounded.
Your +5 spear "Socvait" {spect, rN++ Will- Int+9} barely misses the troll.
You feel a bit more experienced.
The gnoll sergeant hits you from afar with a +0 trident!!
The troll bites you! The troll claws you!
* * * LOW HITPOINT WARNING * * *
The troll claws you!
You die...

... .............
.#...............
....##..........#
..............#.#
.#............#.#
........).......###+##
.......g)............+
##....##T......#...#.#
...... #@.###......#.#
........(............###.
.########...##+######....
#.#.#.......'.#..
#.#.#.......#.... ...
#...+.......##### # ...
#.. #............ #.#..
+###............ #.#..
#.......#####


You could see a troll (very poisoned), a gnoll sergeant (very poisoned) and a
friendly +5 spear "Socvait" {spect, rN++ Will- Int+9} (summoned).

Vanquished Creatures
  Pikel (D:7)
  3 yaks (D:9)
  A wyvern (D:7)
  A wraith (Ossuary)
  2 water moccasins
  An acid dragon (D:8)
  2 sky beasts (D:7)
  3 black bears (D:5)
  4 ice beasts
  4 lemures (D:7)
  2 phantoms
  2 bullfrogs
  A necrophage (D:5)
  5 killer bees (D:9)
  A howler monkey (D:8)
  2 jellies
  3 hounds
  2 iguanas
  An orc wizard (D:7)
  A mummy (Ossuary)
  4 gnolls (D:9)
  6 adders
  A worm (D:3)
  3 dart slugs (D:1)
  7 orcs
  4 bats
  8 endoplasms
  3 giant cockroaches
  7 goblins
  9 hobgoblins
  4 quokkas
  7 ball pythons
  4 frilled lizards
  4 gnoll skeletons (Ossuary)
  7 kobolds
  10 kobold skeletons (Ossuary)
  11 orc skeletons (Ossuary)
  2 rats (D:2)
143 creatures vanquished.

Vanquished Creatures (others)
  A yak (D:6)
  An ogre (D:4)
2 creatures vanquished.

Grand Total: 145 creatures vanquished

Notes
Turn   | Place    | Note
-------+----------+-------------------------------------------
     0 | D:1      | H0rd4k the Octopode Artificer began the quest for the Orb.
     0 | D:1      | Reached XP level 1. HP: 13/13 MP: 1/1
    96 | D:1      | Reached XP level 2. HP: 10/18 MP: 1/3
   298 | D:1      | Reached skill level 1 in Spellcasting
  1105 | D:1      | Found a faded altar of an unknown god.
  1105 | D:1      | Noticed a great orb of eyes
  1110 | D:1      | Reached XP level 3. HP: 22/24 MP: 5/5
  1269 | D:1      | Noticed a shining eye
  1269 | D:1      | Noticed a floating eye
  1269 | D:1      | Noticed an eye of devastation
  1349 | D:1      | Reached skill level 1 in Unarmed Combat
  1654 | D:2      | Found Mycusuq's Magic Scroll Emporium.
  2736 | D:2      | Reached XP level 4. HP: 24/29 MP: 6/6
  3050 | D:2      | Learned a level 4 spell: Olgreb's Toxic Radiance
  3126 | D:3      | Found a runed translucent door.
  3126 | D:3      | Noticed GorkyZ's ghost (amateur GrFi)
  4108 | D:4      | Noticed a two-headed ogre
  4145 | D:4      | Noticed an ogre
  4196 | D:5      | Entered Level 5 of the Dungeon
  4416 | D:5      | Noticed a necrophage
  4423 | D:5      | Killed a necrophage
  4424 | D:5      | Reached skill level 1 in Poison Magic
  4424 | D:5      | Reached XP level 5. HP: 35/35 MP: 8/8
  4440 | D:5      | Noticed a black bear
  4447 | D:5      | HP: 1/35 [black bear (5)]
  4448 | D:5      | Killed a black bear
  4449 | D:5      | Reached XP level 6. HP: 2/42 MP: 0/9
  4823 | D:5      | Identified the +5 spear "Socvait" {spect, rN++ Will- Int+9}
  4936 | D:5      | Noticed a black bear
  4941 | D:5      | Killed a black bear
  4976 | D:5      | Noticed a black bear
  4980 | D:5      | Killed a black bear
  4981 | D:5      | Reached XP level 7. HP: 47/47 MP: 9/11
  5157 | D:6      | Found Dairi's Jewellery Shop.
  5161 | D:6      | Reached skill level 1 in Polearms
  5201 | D:6      | Found Kuqa's Weapon Boutique.
  5277 | D:6      | Reached skill level 5 in Unarmed Combat
  5469 | D:6      | Noticed a yak
  5471 | D:6      | Noticed a yak
  5471 | D:6      | Noticed a yak
  5472 | D:6      | Noticed a yak
  5473 | D:6      | Noticed a yak
  5477 | D:6      | Noticed a yak
  5507 | D:6      | Reached XP level 8. HP: 15/54 MP: 3/12
  6081 | D:7      | Noticed a wyvern
  6084 | D:7      | Killed a wyvern
  6085 | D:7      | Reached skill level 5 in Fighting
  6421 | D:7      | Noticed Pikel
  6515 | D:7      | Killed Pikel
  6516 | D:7      | Reached XP level 9. HP: 53/62 MP: 10/15
  7114 | D:8      | Found Hiapti Berypn's General Store.
  7165 | D:8      | Found a sand-covered staircase.
  7170 | Ossuary  | Entered an ossuary
  7397 | D:8      | Found a blossoming altar of Fedhas.
  7419 | D:8      | Found San Reakk's Mass Market.
  7487 | D:8      | Identified the +1 ring mail of the Cricket {Contam MP+9
                  | Stlth+}
  7637 | D:9      | Identified the +3 long sword of Mandamus {venom, rPois rC+}
  7949 | D:9      | Reached skill level 5 in Polearms
  7953 | D:9      | Reached skill level 5 in Spellcasting
  8167 | D:9      | Reached XP level 10. HP: 50/71 MP: 14/17
  8374 | D:9      | Slain by a troll

Illustrated notes

Levels and vault maps discovered:
D:1:      heliophobic_arrival_battle_scene, layout_loops_ring,
          hellmonk_ecumenical_altar_watching_god
D:2:      layout_loops_corners, serial_shops,
          nicolae_shop_temple_entry_statues_fountains, serial_co_window_serial,
          co_window_paths_a, co_window_paths_b, co_window_paths_a,
          co_window_corner_a, co_window_corner_a, co_window_broadway_a,
          co_window_unsneaky_path_c, co_window_2corner, co_window_corner_b,
          co_window_of_opportunity_b, co_window_of_opportunity_b,
          co_window_4corner_b, co_window_paths_e, glass_columns_b,
          glass_columns_b, glass_columns_c, solitary_fountain
D:3:      layout_loops_ring, hellmonk_ghost_happy_afterlife
D:4:      layout_basic, serial_shops, kennysheep_mini_moat,
          wad_floor_pattern_untrapped, minivault_23, uniq_edmund
D:5:      layout_rooms
D:6:      layout_basic, temple_hall, serial_shops, shop, nicolae_lakefront_shop,
          nicolae_shop_advertising_works [nicolae_subvault_shop_adworks], shop,
          shop, grunt_ministairs_12, chequers_garden
D:7:      layout_basic, uniq_pikel
D:8:      layout_rooms, overflow_temple_1_default, enter_ossuary_5,
          serial_shops, shop, grunt_ministairs_1, minmay_shop_mass,
          minmay_misc_feat_diagonals
D:9:      layout_stronghold, slow_altar_1

Skill      XL: |  1  2  3  4  5  6  7  8  9 |
---------------+----------------------------+-----
Spellcasting   | 1 2 3 4 5 |  5.2
Fighting       | 2 3 4 5 7 |  7.3
Unarmed Combat | 1 2 3 4 5 6 7 |  7.2
Poison Magic   | 1 2 3 |  3.4
Polearms       | 1 3 6 |  6.1
Dodging        | |  2.3
Stealth        | |  1.3
Evocations     | |  3.2

Action                   |  1- 3 |  4- 6 |  7- 9 | 10-12 || total
-------------------------+-------+-------+-------+-------++-------
Melee: Unarmed           |   110 |    63 |       |       ||   173
       Constrict         |    27 |    20 |    21 |       ||    68
       Tentacles         |    21 |    12 |    21 |       ||    54
       Punch             |     1 |     2 |     6 |       ||     9
       Spear             |       |     7 |   153 |     4 ||   164
 Cast: Olgreb's Toxic Ra |       |       |       |     2 ||     2
Evoke: Wand              |       |    20 |     6 |       ||    26
 Stab: Sleeping          |     8 |     9 |     6 |       ||    23
       Distracted        |       |     1 |     2 |       ||     3
Armor: Skin              |    16 |     2 |     3 |       ||    21
Dodge: Dodged            |    54 |    31 |    42 |     6 ||   133
